Map: Вечная империя РВ

Players

ƎDǃBee - Winner!

  • Race: Zerg Zerg
  • League: Grandmaster
  • Spawn Location: 7:00

HolyHit

  • Race: Protoss Protoss
  • League: Grandmaster
  • Spawn Location: 1:00

VOD

Have the link to the VOD?

Description

Time

  • Played on: May 14, 2020, 1:10 p.m.
  • Length: 13:49
Show
View Real Time Build Order
Export as new Build Order

ƎDǃBee Zerg - Winner!

Build Orders: Hatch First, Brood Lord Corruptor 

Get SALT Encoding   

  12  0:00  Drone  
  13  0:08  Drone  
  13  0:14  Drone, Extractor  
  15  0:36  Hatchery  
  15  0:40  Extractor  
  13  0:43  Drone  
  13  0:48  Overlord  
  15  1:02  Spawning Pool  
  14  1:06  Drone  
  14  1:10  Drone  
  16  1:13  Extractor  
  16  1:15  Drone  
  16  1:20  Drone  
  17  1:28  Drone  
  18  1:41  Drone  
  19  1:49  Drone  
  19  1:53  Queen x2  
  24  1:56  Zergling x2  
  24  1:59  Drone  
  26  2:02  Drone  
  27  2:09  Drone  
  27  2:11  Overlord  
  28  2:30  Hatchery  
  28  2:33  Pneumatized Carapace  
  28  2:36  Drone  
  28  2:38  Drone  
  28  2:40  Drone  
  28  2:43  Drone  
  31  2:48  Overlord  
  31  2:56  Queen  
  33  2:59  Zergling x2  
  33  3:02  Zergling x2  
  35  3:06  Zergling x2  
  35  3:07  Zergling x2  
  35  3:09  Zergling x2  
  35  3:11  Drone  
  35  3:12  Drone  
  40  3:17  Overlord  
  40  3:21  Drone  
  41  3:30  Metabolic Boost  
  41  3:31  Overlord  
  41  3:37  Drone x4  
  45  3:42  Overlord  
  45  3:45  Drone x2  
  47  3:50  Evolution Chamber  
  47  3:51  Drone  
  47  3:52  Drone  
  48  3:57  Drone x2  
  48  4:01  Spore Crawler  
  49  4:04  Drone x2  
  51  4:10  Queen  
  51  4:14  Drone, Spore Crawler  
  53  4:21  Drone x2, Zerg Melee Weapons Level 1  
  55  4:25  Drone x3  
  55  4:28  Spore Crawler  
  57  4:36  Drone x6  
  63  4:45  Overlord  
  63  4:47  Drone x3  
  63  4:49  Overlord  
  63  4:51  Lair  
  66  4:53  Extractor x2  
  66  4:58  Roach Warren  
  62  5:05  Drone x3  
  62  5:06  Drone x3  
  68  5:15  Overlord x2, Extractor x2  
  68  5:16  Drone  
  68  5:17  Drone x2  
  68  5:19  Drone x3  
  72  5:22  Drone  
  72  5:24  Overlord  
  73  5:40  Hatchery, Drone x3  
  73  5:42  Drone x2  
  77  5:45  Overlord, Spore Crawler  
  77  5:46  Roach  
  77  5:47  Roach x2  
  82  5:50  Glial Reconstitution  
  82  5:53  Baneling Nest  
  82  5:54  Drone  
  82  5:56  Roach x2  
  86  6:03  Roach x3  
  92  6:10  Roach x4  
  100  6:16  Zerg Melee Weapons Level 2  
  100  6:22  Drone  
  100  6:31  Overlord x4  
  100  6:32  Drone x5  
  105  6:36  Centrifical Hooks  
  105  6:39  Drone, Infestation Pit  
  105  6:43  Overseer  
  105  6:56  Unknown  
  105  6:57  Drone x3  
  105  6:58  Drone x11  
  118  7:08  Overlord  
  118  7:09  Overlord  
  118  7:15  Overlord x2  
  118  7:17  Hive  
  118  7:19  Drone x2, Spire, Extractor  
  118  7:20  Drone x3  
  121  7:23  Baneling  
  121  7:24  Baneling x6  
  121  7:25  Drone  
  121  7:26  Overlord x2  
  122  7:31  Roach x4  
  122  7:34  Overlord  
  122  7:35  Ravager  
  122  7:36  Ravager x3  
  134  7:37  Zergling x2  
  134  7:38  Zergling x4  
  134  7:43  Roach x4  
  145  7:51  Roach  
  145  7:52  Roach  
  148  7:58  Queen  
  148  8:00  Roach x5  
  148  8:01  Hatchery  
  148  8:02  Baneling x6  
  159  8:09  Overseer  
  159  8:10  Roach x5  
  169  8:13  Ravager x3  
  169  8:16  Roach x3  
  174  8:21  Zergling x14  
  152  8:34  Roach x4  
  152  8:35  Roach x4  
  163  8:48  Unknown  
  151  8:49  Roach x8  
  154  8:59  Roach x7  
  157  9:04  Greater Spire  
  157  9:13  Corruptor x2  
  161  9:17  Drone x8  
  161  9:20  Corruptor  
  169  9:28  Roach x5  
  175  9:33  Zergling x2  
  175  9:34  Zergling x8  
  178  9:40  Spore Crawler  
  177  9:49  Overlord x2  
  177  9:50  Roach x6  
  189  9:55  Baneling x10  
  189  9:57  Ravager  
  190  10:05  Drone  
  190  10:17  Brood Lord x3  
  188  10:25  Roach x9  
  188  10:26  Zergling x2  
  188  10:27  Zergling x12  
  199  10:32  Zergling x18  
  200  10:39  Overlord x2  
  200  10:40  Overseer  
  200  10:46  Overlord  
  197  10:53  Zergling x14  
  198  10:59  Zergling x4  
  198  11:03  Zergling x6  
  196  11:08  Queen  
  196  11:09  Queen  
  174  11:11  Corruptor  
  174  11:12  Corruptor x5  
  174  11:16  Zerg Flyer Weapons Level 1  
  174  11:17  Zergling x4  
  187  11:21  Zergling x2  
  187  11:27  Zergling x8  
  187  11:29  Corruptor  
  187  11:32  Adrenal Glands  
  171  11:42  Roach x8  
  171  11:45  Zergling x2  
  170  11:49  Queen  
  167  11:55  Roach x5  
  172  12:02  Zergling x6  
  172  12:06  Zergling x4  
  164  12:14  Corruptor x2  
  164  12:15  Corruptor x2  
  170  12:17  Zergling x2  
  170  12:18  Zergling x2  
  170  12:19  Queen x2  
  170  12:22  Extractor x2  
  179  12:23  Brood Lord  
  179  12:29  Zergling x2  
  180  12:30  Zergling x10  
  153  12:39  Zergling x16  
  153  12:41  Brood Lord x2  
  156  12:46  Zergling x10  
  156  12:48  Brood Lord  
  163  12:56  Brood Lord  
  163  12:57  Brood Lord  
  167  13:05  Zergling x12  
  175  13:08  Corruptor  
  177  13:13  Drone x3  
  177  13:14  Drone x4  
Show
View Real Time Build Order
Export as new Build Order

HolyHit Protoss 

Build Orders: 1 Gate Expand, Oracle Opening, Phoenix Opening, Archon Immortal 

Get SALT Encoding   

  12  0:00  Probe  
  13  0:12  Probe  
  14  0:18  Pylon  
  14  0:25  Probe (Chrono Boost)  
  15  0:37  Probe (Chrono Boost)  
  15  0:39  Gateway  
  16  0:45  Probe (Chrono Boost)  
  16  0:47  Assimilator  
  17  0:51  Probe  
  18  1:03  Probe  
  19  1:15  Probe  
  20  1:25  Nexus  
  20  1:36  Cybernetics Core  
  20  1:38  Probe  
  21  1:43  Assimilator  
  21  1:50  Probe  
  21  1:53  Pylon  
  22  2:02  Probe  
  23  2:10  Adept (Chrono Boost)  
  23  2:15  Probe  
  26  2:22  Stargate  
  26  2:27  Probe (Chrono Boost)  
  27  2:30  Adept (Chrono Boost)  
  27  2:34  Warp Gate  
  29  2:37  Probe (Chrono Boost)  
  31  2:45  Probe (Chrono Boost)  
  31  2:47  Probe (Chrono Boost)  
  33  2:51  Probe (Chrono Boost)  
  33  2:52  Adept, Probe (Chrono Boost)  
  36  3:03  Probe  
  37  3:07  Phoenix (Chrono Boost)  
  37  3:08  Probe  
  37  3:10  Pylon  
  40  3:15  Probe  
  41  3:21  Probe  
  42  3:27  Probe  
  42  3:32  Oracle (Chrono Boost)  
  42  3:33  Probe  
  47  3:35  Pylon  
  47  3:39  Probe  
  48  3:45  Gateway  
  48  3:46  Probe  
  49  3:50  Gateway  
  49  3:51  Probe  
  50  3:55  Assimilator  
  50  3:58  Probe  
  50  3:59  Assimilator  
  51  4:03  Probe  
  51  4:05  Oracle (Chrono Boost)  
  54  4:10  Probe  
  54  4:14  Pylon  
  54  4:15  Probe  
  56  4:22  Probe  
  57  4:28  Probe  
  57  4:31  Nexus  
  58  4:34  Probe  
  59  4:40  Probe  
  59  4:42  Pylon  
  60  4:46  Probe (Chrono Boost)  
  60  4:50  Sentry x3  
  60  4:51  Robotics Facility  
  60  4:52  Probe (Chrono Boost)  
  68  4:58  Probe (Chrono Boost)  
  69  5:04  Probe (Chrono Boost)  
  71  5:07  Probe (Chrono Boost)  
  71  5:09  Probe (Chrono Boost)  
  71  5:12  Probe  
  72  5:17  Gateway  
  72  5:18  Gateway  
  74  5:21  Probe  
  74  5:22  Forge  
  74  5:25  Shield Battery  
  74  5:29  Probe  
  74  5:33  Probe  
  76  5:41  Twilight Council  
  77  5:43  Probe (Chrono Boost)  
  77  5:45  Protoss Ground Weapons Level 1, Observer (Chrono Boost), Probe (Chrono Boost)  
  80  5:51  Probe (Chrono Boost), Gateway  
  80  5:54  Probe (Chrono Boost), Gateway  
  82  5:57  Probe (Chrono Boost), Assimilator  
  82  5:58  Probe (Chrono Boost)  
  82  5:59  Probe (Chrono Boost)  
  82  6:01  Assimilator  
  82  6:02  Pylon  
  84  6:06  Probe  
  84  6:09  Photon Cannon, Probe  
  87  6:13  Immortal  
  87  6:16  Probe  
  87  6:18  Probe, Pylon  
  92  6:20  Charge (Chrono Boost)  
  92  6:24  Probe  
  93  6:33  Templar Archives  
  93  6:34  Gateway  
  93  6:37  Gateway  
  93  6:42  Zealot x4  
  93  6:46  Probe  
  102  6:52  Immortal (Chrono Boost)  
  102  6:57  Probe  
  107  7:02  Pylon  
  107  7:04  Pylon  
  107  7:11  High Templar x2  
  107  7:15  Pylon  
  107  7:17  Pylon, Archon  
  107  7:21  Warp Prism (Chrono Boost), High Templar x3  
  107  7:22  High Templar  
  115  7:25  Archon  
  115  7:26  Archon  
  117  7:42  Nexus, High Templar  
  117  7:43  High Templar x3  
  125  7:45  Zealot, Pylon  
  125  7:47  Archon x2  
  126  7:54  Immortal, Protoss Ground Weapons Level 2 (Chrono Boost)  
  126  7:57  Zealot x4  
  138  8:12  Photon Cannon  
  135  8:13  Zealot  
  135  8:15  Photon Cannon  
  135  8:16  Zealot x4  
  145  8:21  Zealot  
  145  8:26  Zealot x3  
  143  8:33  Immortal  
  141  8:36  Sentry x5  
  139  8:45  Zealot  
  131  8:49  Zealot x3  
  119  8:55  Psionic Storm  
  119  9:01  Probe x3  
  114  9:10  Zealot  
  114  9:11  Zealot x8  
  132  9:18  Immortal  
  130  9:33  Zealot x3  
  130  9:34  Zealot x6  
  146  9:40  Blink (Chrono Boost)  
  146  9:42  Probe x2  
  148  9:45  Unknown  
  148  9:54  High Templar x6  
  148  9:58  Pylon  
  148  9:59  Pylon  
  160  10:00  Archon x3  
  158  10:15  Probe  
  158  10:18  Stalker x3  
  154  10:27  Stalker x2  
  146  10:32  Stalker x6  
  152  10:41  Immortal  
  152  10:42  High Templar x3  
  158  10:45  Probe x2  
  164  10:53  Archon  
  164  10:55  Nexus  
  154  10:57  Pylon  
  154  10:58  Assimilator  
  154  11:01  Stalker x5  
  140  11:12  Stalker  
  140  11:17  Stalker  
  140  11:18  Stalker  
  136  11:23  Stalker  
  132  11:25  Stalker  
  132  11:26  Stalker x4  
  132  11:31  Immortal  
  146  11:37  Stalker  
  116  11:47  Stalker x2  
  116  11:48  Stalker  
  116  11:50  Zealot x4  
  116  11:51  Zealot  
  122  11:58  Probe  
  122  12:01  Stalker  
  105  12:11  High Templar x4  
  105  12:12  Probe  
  105  12:15  Archon x2  
  108  12:16  Zealot x4  
  108  12:18  Probe  
  114  12:30  Stalker  
  106  12:40  Immortal (Chrono Boost), Zealot x3  
  106  12:41  Zealot  
  106  12:42  Observer  
  106  12:45  Stalker x4  
  114  12:56  Stalker  
  114  12:57  Probe  
  117  13:01  High Templar x3  
  117  13:05  High Templar  
  125  13:08  Archon  
  125  13:09  Archon  
  125  13:10  Zealot x4  
  133  13:15  Probe  
  134  13:21  Zealot  
  130  13:32  Zealot x3  
  130  13:33  Zealot x2  
  130  13:37  Stalker x2  
Tags
 
Add a new tag
Caveats
  • Supply blocks, unpowered buildings, or Contaminate may cause inaccurate times.
  • Supply counts are checked every 10 seconds.